 Dungeon Crawl Stone Soup version 0.32-a0-913-g739538afd8 (webtiles) character file.

Game seed: 2739160399944259803

18 Dirtsage the Insei (level 2, -1/24 HPs)
             Began as a Demonspawn Monk on Apr 9, 2024.
             Slain by Terence
             ... wielding a +0 hand axe
              (4 damage)
             ... on level 2 of the Dungeon.
             The game lasted 00:00:42 (998 turns).

Dirtsage the Insei (Demonspawn Monk)                 Turns: 998, Time: 00:00:42

Health: -1/24      AC:  2    Str: 11    XL:     2   Next: 48%
Magic:  2/2        EV: 11    Int: 10    God:
Gold:   27         SH:  0    Dex: 15    Spells: 1/1 levels left

rFire   . .          .
                       - Unarmed
rCold   . . .        c - orb {light}
rNeg    . . .        a - +0 robe
rPois   .            (no helmet)
rElec   .            (no cloak)
rCorr   +            (no gloves)
SInv    .            (no boots)
Will    .....        (no amulet)
Stlth   +            C - ring of resist corrosion
HPRegen 0.24/turn    (no ring)
MPRegen 0.08/turn

%: no passive effects
@: glowing
A: foul stench 1
a: no special abilities


You were on level 2 of the Dungeon.
You visited 1 branch of the dungeon, and saw 2 of its levels.

You collected 27 gold pieces.

Inventory:

Armour
 a - a +0 robe (worn)
 c - an orb of light (worn)
Jewellery
 C - a ring of resist corrosion (left hand)
Scrolls
 f - a scroll of enchant armour {unknown}
Potions
 b - a potion of ambrosia
 d - a potion of mutation {unknown}
 e - 2 potions of heal wounds {unknown}


   Skills:
 - Level 3.0 Fighting
 - Level 2.6 Dodging
 + Level 3.5 Unarmed Combat


You had one spell level left.
You didn't know any spells.
Your spell library was empty.

Dungeon Overview and Level Annotations

Branches:
Dungeon (2/15)

Altars:
Dithmenos

Annotations:
D:2 Jessica, Terence


Innate Abilities, Weirdness & Mutations

You may rarely emit foul miasma when damaged in melee.


Message History

Jessica is severely wounded.
Jessica casts a spell.
Jessica blinks!
The goblin is engulfed in dark miasma.
The goblin is poisoned.
You kill the goblin!
Found a scroll labelled DAITZO ICROOM.
Found a shadowy altar of Dithmenos.
Terence closely misses you.
You hit Terence.
Terence is lightly wounded.
Terence barely misses you.
You hit Terence but do no damage.
Terence is lightly wounded.
Terence closely misses you.
You completely miss Terence.
Terence is lightly wounded.
Jessica points at you and mumbles some strange words.
Pain shoots through your body! Terence misses you.
You take 3 damage, and have 15/24 hp.
You are too injured to fight recklessly!
You are too injured to fight recklessly!
You are too injured to fight recklessly!
You are too injured to fight recklessly!
You hit Terence but do no damage.
Terence is lightly wounded.
Terence hits you with a +0 hand axe.
You take 4 damage, and have 11/24 hp.
You hit Terence but do no damage.
Terence is lightly wounded.
Terence hits you with a +0 hand axe.
* * * LOW HITPOINT WARNING * * *
You take 5 damage, and have 6/24 hp.
MASSIVE DAMAGE!!
You hit Terence.
Terence is lightly wounded.
Terence hits you with a +0 hand axe.
* * * LOW HITPOINT WARNING * * *
You take 4 damage, and have 2/24 hp.
You barely miss Terence.
Terence is lightly wounded.
Terence hits you with a +0 hand axe.
You die...
Terence says, "Time to find some more victims."

..( #.. #...?_...
#..## ######.#......
.... .....>....... ...
..##........
#.##.##......###.
####.#..#.#.......'...
.......<..#.......#...
#####.##..#.#.@@......
..........#.#####.#.
#.##.....#..)....... #
#####.#..@.......
..#......>...
######........
...###... .#.. ##. .
.#.


You could see Terence and Jessica.

Vanquished Creatures
  A dart slug (D:1)
  2 ball pythons (D:1)
  A bat (D:1)
  2 hobgoblins
  A quokka (D:1)
  3 frilled lizards (D:1)
  3 goblins
  A kobold (D:1)
  2 rats (D:1)
16 creatures vanquished.

Notes
Turn   | Place    | Note
-------+----------+-------------------------------------------
     0 | D:1      | Dirtsage the Demonspawn Monk began the quest for the Orb.
     0 | D:1      | Reached XP level 1. HP: 18/18 MP: 1/1
   499 | D:1      | Gained mutation: You may rarely emit foul miasma when
                  | damaged in melee. [demonic ancestry]
   499 | D:1      | Reached XP level 2. HP: 24/24 MP: 2/2
   982 | D:2      | Noticed Jessica
   987 | D:2      | Noticed Terence
   991 | D:2      | Found a shadowy altar of Dithmenos.
   998 | D:2      | Slain by Terence

Illustrated notes

Levels and vault maps discovered:
D:1:      saegor_arrival_simple_e, layout_basic, hex_tiny
D:2:      layout_basic, basic_altar, minmay_box_of_dots, uniq_terence,
          uniq_jessica, uniq_natasha, uniq_robin

Skill      XL: |  1 |
---------------+----+-----
Unarmed Combat | 3 |  3.5
Fighting       | |  3.0
Dodging        | |  2.6

Action                     || total
---------------------------++-------
  Melee: Unarmed           ||    49
 Armour: Robe              ||    19
  Dodge: Dodged            ||    32

Table legend: (Time is in decaauts)
 A = Elapsed time spent in this place.
 B = Non-inter-level travel time spent in this place.
 C = Inter-level travel time spent in this place.
 D = Time resting spent in this place.
 E = Time spent auto-exploring this place.
 F = Levels seen in this place.
 G = Mean time per level.
                   A        B        C        D        E       F      G
               +--------+--------+--------+--------+--------+-----+--------+
         Total |    994 |    955 |     39 |      0 |    858 |   2 |  497.0 |
       Dungeon |    994 |    955 |     39 |      0 |    858 |   2 |  497.0 |
               +--------+--------+--------+--------+--------+-----+--------+

Top non-repeatable levels by time:
     D:1: 977 daAuts
     D:2: 16 daAuts
